 Dungeon Crawl Stone Soup version 0.20.1-1-g8b1a95d (webtiles) character file.

3038 pstr the Destroyer (level 10, -11/57 HPs)
             Began as a Kobold Conjurer on Oct 31, 2017.
             Mangled by Grum the yaktaur (glowing shapeshifter) (18 damage)
             ... on level 8 of the Dungeon.
             The game lasted 00:42:00 (11138 turns).

pstr the Destroyer (Kobold Conjurer)               Turns: 11138, Time: 00:42:03

Health: -11/57     AC: 13    Str:  8    XL:     10   Next: 11%
Magic:  19/21      EV: 17    Int: 22    God:    Xom [......]
Gold:   397        SH:  0    Dex: 16    Spells: 13/23 levels left

rFire    . . .     SeeInvis .   y - +2 flail (protect)
rCold    . . .     Gourm    .   (shield restricted)
rNeg     . . .     Faith    .   i - +1 leather armour
rPois    .         Spirit   .   (helmet restricted)
rElec    .         Reflect  .   M - +0 cloak
rCorr    .         Harm     .   p - +2 pair of gloves
MR       .....                  (no boots)
Stlth    +++.......             (no amulet)
Regen    0.2/turn               (no ring)
MPRegen  0.2/turn               (no ring)

@: brilliant, berserk cooldown, slowed, very slow
A: hooves 1, horns 1, icy blue scales 1, rugged brown scales 1, yellow scales 1,
blurry vision 1, carnivore 3, dopey 1, strong 1, wild magic 1
a: Renounce Religion


You were on level 8 of the Dungeon.
You worshipped Xom.
You were a very special plaything of Xom.
You were not hungry.

You visited 1 branch of the dungeon, and saw 8 of its levels.
You also visited: Ossuary.

You collected 397 gold pieces.

Inventory:

Hand Weapons
 k - a +0 short sword
 r - a +0 long sword
 y - a +2 flail of protection (weapon)
Missiles
 j - 232 stones (quivered)
Armour
 a - a +0 robe
 i - a +1 leather armour (worn)
 p - a +2 pair of gloves (worn)
 q - a +0 scale mail
 M - a +0 cloak (worn)
Wands
 e - a wand of paralysis (8/24)
 u - a wand of confusion (28/48)
 J - a wand of random effects (26/48)
Scrolls
 d - 4 scrolls of identify
 m - 4 scrolls of remove curse
 s - 5 scrolls of fog {unknown}
 t - 5 scrolls of teleportation {unknown}
 x - 3 scrolls of blinking {unknown}
 C - 2 scrolls of amnesia {unknown}
 I - a scroll of random uselessness {unknown}
 L - a scroll of recharging {unknown}
Potions
 f - a potion of experience {unknown}
 h - 2 potions of agility
 n - 2 potions of invisibility
 o - 2 potions of haste
 v - 5 potions of flight {unknown}
 w - a potion of lignification
 A - 3 potions of ambrosia {unknown}
 B - 2 potions of mutation {unknown}
 F - a potion of might
 G - a potion of brilliance
 N - a potion of cancellation {unknown}
Books
 b - a book of Conjurations

   Spells                             Type                      Level
   a - Magic Dart                     Conjuration                  1
   b - Searing Ray                    Conjuration                  2
   c - Dazzling Spray                 Conjuration/Hexes            3
   d - Fulminant Prism                Conjuration/Hexes            4
   e - Force Lance                    Conjuration/Translocation    4
   f - Iskenderun's Mystic Blast      Conjuration                  4
 z - a book of Dreams

   Spells                             Type                      Level
   a - Ensorcelled Hibernation        Hexes/Ice                    2
   b - Silence                        Hexes/Air                    5
   c - Darkness                       Hexes                        6
   d - Shadow Creatures               Summoning                    6
 K - a book of Changes

   Spells                             Type                      Level
   a - Beastly Appendage              Transmutation                1
   b - Sticks to Snakes               Transmutation                2
   c - Spider Form                    Transmutation/Poison         3
   d - Ice Form                       Ice/Transmutation            4
   e - Blade Hands                    Transmutation                5
Comestibles
 c - 2 meat rations
 l - 4 royal jellies


   Skills:
 + Level 3.1 Fighting
 + Level 1.1(1.5) Short Blades
 + Level 0.8(1.0) Long Blades
 + Level 3.5 Maces & Flails
 + Level 3.5 Armour
 + Level 4.9 Dodging
 + Level 5.8 Stealth
 + Level 7.4 Spellcasting
 + Level 8.2 Conjurations
 + Level 0.4 Hexes


You had 13 spell levels left.
You knew the following spells:

 Your Spells              Type           Power        Failure   Level  Hunger
a - Magic Dart            Conj           ####         1%          1    None
b - Searing Ray           Conj           ######       1%          2    None
c - Dazzling Spray        Conj/Hex       ######       1%          3    None
d - Iskenderun's Mystic   Conj           ######..     1%          4    ###....


Dungeon Overview and Level Annotations

Branches:
Dungeon (8/15)             Temple (0/1) D:6
   Lair: D:8-11

Altars:
Cheibriados
Makhleb
Nemelex Xobeh
Ru
Trog
Xom

Shops:
D:7 =

Annotations:
D:8 Grum


Innate Abilities, Weirdness & Mutations

You are small and have problems with some larger weapons.
You are carnivorous and can eat meat at any time.
You have large cloven feet.
You have a pair of small horns on your head.
You are partially covered in icy blue scales. (AC +2)
You are partially covered in rugged brown scales. (AC +1, +3% HP)
You are partially covered in yellow scales. (AC +2)
Scrolls take you a little longer to read.
You are dopey. (Int -2)
Your muscles are strong. (Str +2)
Your spells are a little harder to cast, but a little more powerful.


Message History

Grum the orb spider changes into a yaktaur!
Casting: Iskenderun's Mystic Blast
Confirm with . or Enter, or press ? or * to list all spells.
Aiming: Searing Ray
Press: ? - help, Shift-Dir - straight line, f - Grum
Aim: Grum the yaktaur shaped shifter The searing ray hits Grum.
Grum is lightly wounded. (Press . to maintain the ray.)
The searing ray misses Grum.
Grum hits you!
* * * LOW HITPOINT WARNING * * *
Grum hits you.
* * * LOW HITPOINT WARNING * * *
It was a potion of brilliance.
You feel clever all of a sudden. Grum hits you.
* * * LOW HITPOINT WARNING * * *
Grum hits you!!
You die...
Xom giggles madly!

#### #.. # #.# #.#
#.###.####
#@####.#......#
#c##.....#.##.##
#.##.#_###(#...###
#...._.......#....
####.#...#.....###
#†#..###h.###
#.)hh#.##(.###
###..##†§.##...#
#.....##.##....##


You could see Grum the yaktaur shaped shifter.

Vanquished Creatures
  2 hippogriffs (D:8)
  A wraith (Ossuary)
  A hungry ghost (D:8)
  2 ice beasts (D:6)
  3 sky beasts
  3 wolves (D:8)
  2 centaurs
  2 ogres
  2 bullfrogs
  3 scorpions
  3 crimson imps
  4 hounds
  3 orc priests
  3 orc wizards
  2 bullfrog skeletons
  A centaur skeleton (D:7)
  A jelly (D:7)
  Natasha (D:2)
  3 iguanas
  5 worker ants
  A hound zombie (D:7)
  A mummy (Ossuary)
  2 worker ant zombies
  10 gnolls
  11 adders
  An adder skeleton (D:8)
  3 worms
  3 dart slugs
  2 leopard geckos
  20 orcs
  9 giant cockroaches
  6 goblins
  4 hobgoblins
  8 jackals
  4 quokkas
  A ball python (D:4)
  8 bats
  3 frilled lizards
  4 gnoll skeletons (Ossuary)
  8 kobolds
  7 kobold skeletons (Ossuary)
  14 orc skeletons (Ossuary)
  8 rats
185 creatures vanquished.

Vanquished Creatures (collateral kills)
  A goblin (D:3)
1 creature vanquished.

Grand Total: 186 creatures vanquished

Notes
Turn   | Place    | Note
-------+----------+-------------------------------------------
     0 | D:1      | pstr the Kobold Conjurer began the quest for the Orb.
     0 | D:1      | Reached XP level 1. HP: 10/10 MP: 3/3
   322 | D:1      | Reached XP level 2. HP: 15/15 MP: 0/5
   378 | D:1      | Learned a level 2 spell: Searing Ray
  1003 | D:1      | Reached XP level 3. HP: 7/19 MP: 0/6
  1195 | D:1      | Learned a level 3 spell: Dazzling Spray
  2302 | D:2      | Found a bloodstained altar of Trog.
  2315 | D:2      | Reached XP level 4. HP: 24/24 MP: 5/8
  2406 | D:2      | Noticed Natasha
  2465 | D:2      | Killed Natasha
  2648 | D:2      | Found a shimmering altar of Xom.
  2659 | D:2      | Became a worshipper of Xom of Chaos
  2818 | D:2      | XOM: harmless Tmut miscast
  2958 | D:2      | Found a sacrificial altar of Ru.
  3098 | D:3      | Reached XP level 5. HP: 28/28 MP: 2/9
  3185 | D:3      | XOM: divination: detect creatures
  3217 | D:3      | XOM: silly message
  3528 | D:3      | Reached skill level 1 in Armour
  3528 | D:3      | Reached skill level 5 in Conjurations
  3560 | D:3      | Reached skill level 1 in Short Blades
  3567 | D:3      | XOM: silly message
  3631 | D:3      | XOM is BORED!
  3631 | D:3      | XOM: silly message
  3671 | D:3      | XOM: mild Necr miscast
  3910 | D:3      | Reached XP level 6. HP: 33/33 MP: 0/11
  4144 | D:3      | XOM: mild Air miscast
  4157 | D:3      | XOM: enchant monster (bad)
  4353 | D:3      | XOM: summons friendly quasit
  4657 | D:3      | XOM: give mutations
  4657 | D:3      | Gained mutation: You are dopey. (Int -2) [Xom's mischief]
  4657 | D:3      | Gained mutation: You are partially covered in rugged brown scales. (AC +1, +3% HP) [Xom's mischief]
  4657 | D:3      | Gained mutation: You are clumsy. (Dex -2) [Xom's mischief]
  4687 | D:3      | XOM: give mutations
  4687 | D:3      | Gained mutation: You are partially covered in yellow scales. (AC +2) [Xom's grace]
  4687 | D:3      | Gained mutation: Your muscles are strong. (Str +2) [Xom's grace]
  4687 | D:3      | Gained mutation: Your spells are a little harder to cast, but a little more powerful. [Xom's grace]
  4808 | D:3      | Reached skill level 1 in Fighting
  4875 | D:3      | XOM: cloud trail
  5280 | D:4      | XOM: 3-stop teleportation journey
  5324 | D:4      | Reached XP level 7. HP: 39/39 MP: 8/12
  5540 | D:4      | Found a burning altar of Makhleb.
  5553 | D:4      | XOM: give mutations
  5553 | D:4      | Gained mutation: You have a pair of small horns on your head. [Xom's grace]
  5553 | D:4      | Gained mutation: You have a pair of horns on your head. [Xom's grace]
  5783 | D:4      | Reached skill level 5 in Stealth
  6235 | D:5      | Entered Level 5 of the Dungeon
  6335 | D:5      | XOM: give mutations
  6335 | D:5      | Gained mutation: Scrolls take you a little longer to read. [Xom's mischief]
  6335 | D:5      | Lost mutation: You have a pair of horns on your head. [Xom's mischief]
  6335 | D:5      | Gained mutation: You are partially covered in icy blue scales. (AC +2) [Xom's mischief]
  6335 | D:5      | Lost mutation: You are clumsy. (Dex -2) [Xom's mischief]
  6454 | D:5      | Reached XP level 8. HP: 44/44 MP: 8/14
  6485 | D:5      | XOM: cast spell 'Call Canine Familiar'
  6726 | D:5      | Reached skill level 6 in Conjurations
  7100 | D:5      | XOM: harmless Fire miscast
  7487 | D:6      | XOM: fog
  7499 | D:6      | Reached skill level 5 in Spellcasting
  7783 | D:6      | Learned a level 4 spell: Iskenderun's Mystic Blast
  7847 | D:6      | Found a snail-covered altar of Cheibriados.
  7907 | D:6      | Reached XP level 9. HP: 34/49 MP: 2/17
  8074 | D:6      | Reached skill level 1 in Maces & Flails
  8228 | D:6      | XOM: scenery: create altars
  8287 | D:6      | XOM: give mutation
  8287 | D:6      | Gained mutation: You have large cloven feet. [Xom's grace]
  8344 | D:6      | Reached skill level 7 in Conjurations
  8614 | D:6      | Found a staircase to the Ecumenical Temple.
  8901 | D:7      | XOM: 1-stop teleportation journey
  9009 | D:7      | Found Ytul's Jewellery Emporium.
  9183 | D:7      | XOM: scenery: create altars
  9211 | D:7      | XOM: scenery: create altars
  9315 | D:7      | XOM: scenery: create altars
  9363 | D:7      | XOM is BORED!
 10084 | D:8      | Found a sparkling altar of Nemelex Xobeh.
 10092 | D:8      | XOM: divination: magic mapping
 10197 | D:8      | Noticed a hippogriff
 10211 | D:8      | Killed a hippogriff
 10229 | D:8      | Noticed a hippogriff
 10239 | D:8      | Killed a hippogriff
 10239 | D:8      | Reached skill level 8 in Conjurations
 10304 | D:8      | XOM: chaos upgrade
 10308 | D:8      | XOM: blink monster(s)
 10315 | D:8      | Noticed Grum
 10318 | D:8      | Found a sand-covered staircase.
 10319 | D:8      | XOM: scenery: create altars
 10323 | Ossuary  | Entered an ossuary
 10335 | Ossuary  | XOM: mild Summ miscast
 10648 | Ossuary  | Reached XP level 10. HP: 56/56 MP: 9/20
 11034 | Ossuary  | XOM: noise
 11082 | D:8      | XOM: smoke on damage
 11093 | D:8      | XOM: scenery: create altars
 11098 | D:8      | Grum changed into Grum the naga
 11098 | D:8      | XOM: polymorph Grum -> Grum the naga
 11106 | D:8      | XOM: enchant monster (bad)
 11108 | D:8      | XOM: confusion (+ monsters)
 11112 | D:8      | XOM: severe Erth miscast
 11118 | D:8      | XOM: polymorph Grum the golden eye -> Grum the queen bee
 11123 | D:8      | Noticed Grum
 11123 | D:8      | Grum the yak changed into Grum the rime drake
 11126 | D:8      | Grum the rime drake changed into Grum the blink frog
 11127 | D:8      | Noticed Grum
 11127 | D:8      | Grum the blink frog changed into Grum the rime drake
 11128 | D:8      | Grum the rime drake changed into Grum the spriggan
 11132 | D:8      | Noticed Grum
 11132 | D:8      | Grum the raiju changed into Grum the salamander
 11134 | D:8      | Noticed Grum
 11134 | D:8      | Grum the salamander changed into Grum the orb spider
 11134 | D:8      | Noticed Grum
 11134 | D:8      | Grum the orb spider changed into Grum the yaktaur
 11138 | D:8      | Mangled by Grum the yaktaur (glowing shapeshifter)

Skill      XL: |  1  2  3  4  5  6  7  8  9 10 |
---------------+-------------------------------+-----
Stealth        | 3 4 5 |  5.8
Spellcasting   | 3 4 5 7 |  7.4
Armour         | 1 2 3 |  3.5
Conjurations   | 5 6 8 |  8.2
Short Blades   | 1 |  1.1
Dodging        | 3 4 |  4.9
Fighting       | 1 2 3 |  3.1
Maces & Flails | 3 |  3.5
Long Blades    | |  0.8
Hexes          | |  0.4

Action                   |  1- 3 |  4- 6 |  7- 9 | 10-12 || total
-------------------------+-------+-------+-------+-------++-------
Melee: Unarmed           |     5 |       |       |       ||     5
       Mace              |    10 |       |       |       ||    10
       Short sword       |     7 |       |       |       ||     7
       Long sword        |       |    28 |       |       ||    28
       Flail             |       |       |    76 |    28 ||   104
       Headbutt          |       |       |    18 |     3 ||    21
       Kick              |       |       |     8 |     2 ||    10
 Cast: Magic Dart        |    41 |     7 |    25 |       ||    73
       Searing Ray       |    18 |    47 |    67 |     3 ||   135
       Iskenderun's Myst |       |       |    42 |    15 ||    57
  Use: Potion            |     1 |     5 |     4 |     8 ||    18
       Scroll            |       |       |     6 |     1 ||     7
 Stab: Invisible         |       |     3 |       |       ||     3
  Eat: Chunk             |    14 |    11 |    29 |       ||    54
Armor: Robe              |     4 |       |       |       ||     4
       Leather armour    |     6 |     8 |    74 |    10 ||    98
       Skin              |       |       |       |    59 ||    59
Dodge: Dodged            |    70 |    54 |   163 |    28 ||   315
       Rpst.: Long sword |       |    13 |       |       ||    13
